Map: [ESL] Alcyone

Players

Clem - Winner!

  • Race: Terran Terran
  • Spawn Location: 1:00

MaxPax

  • Race: Protoss Protoss
  • Spawn Location: 7:00

Event: ESL SC2 Masters 2024 Spring (Regional)

VOD

Have the link to the VOD?

Description

Time

  • Played on: May 5, 2024, 10:56 a.m.
  • Length: 10:16

All games in this series

Show
View Real Time Build Order
Export as new Build Order

Clem Terran - Winner!

Build Orders: Cyclone Opening 

Get SALT Encoding   

  12  0:00  SCV  
  13  0:12  SCV  
  14  0:16  Supply Depot  
  14  0:24  SCV  
  15  0:38  SCV  
  16  0:43  Barracks  
  16  0:44  Refinery  
  16  0:50  SCV  
  17  0:57  Refinery  
  17  1:02  SCV  
  18  1:14  SCV  
  19  1:30  Reaper, Orbital Command  
  20  1:38  Supply Depot  
  20  1:43  Factory  
  20  1:55  SCV  
  21  2:02  Barracks Reactor  
  21  2:08  SCV  
  22  2:18  Command Center  
  22  2:20  SCV  
  23  2:28  Cyclone  
  25  2:33  SCV  
  26  2:37  Supply Depot  
  26  2:39  Marine  
  26  2:41  Marine  
  28  2:46  SCV  
  29  2:52  Barracks  
  29  2:58  SCV  
  29  3:00  Marine x2  
  29  3:03  Factory Tech Lab  
  32  3:11  Barracks  
  32  3:20  Marine x2  
  32  3:24  Siege Tank  
  36  3:32  Orbital Command  
  36  3:34  SCV  
  36  3:38  Marine  
  36  3:39  Marine  
  36  3:40  Barracks Tech Lab  
  39  3:47  SCV  
  40  3:56  Siege Tank  
  40  4:00  Marine x2  
  40  4:01  Barracks Tech Lab  
  40  4:02  Stimpack  
  45  4:06  Marauder  
  47  4:11  Supply Depot  
  47  4:13  SCV x2  
  49  4:17  Marine  
  49  4:18  Marine  
  49  4:21  Combat Shield  
  51  4:24  Marine  
  51  4:26  SCV x2  
  54  4:32  Marine  
  54  4:33  Supply Depot  
  54  4:38  Siege Tank  
  58  4:39  SCV  
  58  4:41  SCV  
  58  4:43  Marine  
  58  4:45  Marine  
  62  4:51  Supply Depot  
  62  4:54  Marine  
  62  4:55  SCV x2, Marine  
  66  5:00  Engineering Bay  
  66  5:01  Marine  
  66  5:03  Marine  
  69  5:07  SCV  
  69  5:09  SCV, Supply Depot  
  70  5:16  Supply Depot, Marine x2  
  70  5:20  Marine  
  73  5:21  SCV x2  
  73  5:25  Siege Tank  
  73  5:27  Marine  
  78  5:31  Supply Depot  
  78  5:33  SCV  
  78  5:34  Marine  
  80  5:37  Marine  
  80  5:42  Starport  
  81  5:43  SCV  
  81  5:45  SCV, Refinery  
  81  5:46  Marine x2  
  84  5:52  Marine  
  84  5:55  Terran Infantry Weapons Level 1  
  82  5:58  Marauder  
  82  5:59  Siege Tank  
  82  6:00  Refinery  
  85  6:04  Marine  
  85  6:07  Marine  
  88  6:11  SCV  
  88  6:12  SCV  
  88  6:13  Supply Depot  
  88  6:15  Marauder  
  88  6:16  Supply Depot  
  91  6:18  Missile Turret  
  91  6:20  Starport Reactor  
  91  6:21  Missile Turret  
  91  6:23  SCV  
  91  6:25  SCV, Marine  
  93  6:32  Marine  
  95  6:35  Concussive Shells, SCV  
  95  6:38  Marauder  
  95  6:39  Marauder  
  100  6:45  Marine  
  101  6:48  Siege Tank  
  101  6:50  Marine  
  99  6:58  Viking  
  99  7:00  Viking  
  102  7:06  Marauder, Marine  
  105  7:09  Marine  
  105  7:11  Supply Depot  
  105  7:12  Marauder  
  108  7:25  Marine  
  108  7:28  Marauder  
  108  7:29  Siege Tank, Marine, Viking  
  117  7:32  Viking  
  117  7:33  Supply Depot  
  117  7:36  Marauder  
  119  7:50  Marine x2  
  119  7:51  Command Center  
  119  7:55  Marauder  
  118  8:05  Viking  
  116  8:08  Terran Infantry Armor Level 1  
  116  8:10  Marine x2  
  116  8:11  Marauder, Viking  
  121  8:17  SCV x2  
  123  8:23  Supply Depot, Marauder  
  125  8:29  SCV x2  
  125  8:30  Siege Tank  
  125  8:31  Marine  
  125  8:33  Marine  
  131  8:36  Supply Depot  
  131  8:39  Marauder  
  131  8:41  SCV  
  134  8:44  Viking  
  134  8:46  Viking  
  138  8:49  Marauder  
  138  8:52  Marine x2  
  142  8:56  Barracks  
  142  8:59  Barracks  
  142  9:01  Marine  
  143  9:04  Siege Tank  
  144  9:10  Marine  
  144  9:15  Marauder  
  144  9:16  Medivac  
  144  9:17  Medivac  
  150  9:19  Marine  
  150  9:20  Marauder  
  150  9:21  Supply Depot  
  153  9:28  Marine  
  154  9:36  Marauder  
  154  9:37  Siege Tank, Marine  
  158  9:39  Orbital Command  
  158  9:40  SCV  
  158  9:41  Marauder  
  158  9:42  SCV  
  161  9:47  Barracks Tech Lab, Barracks Reactor  
  161  9:50  Marine  
  162  9:56  Marine  
Show
View Real Time Build Order
Export as new Build Order

MaxPax Protoss 

Build Orders: 1 Gate Expand, Phoenix Opening, Colossus Rush 

Get SALT Encoding   

  12  0:00  Probe  
  13  0:12  Probe  
  14  0:17  Pylon  
  14  0:24  Probe (Chrono Boost)  
  16  0:35  Gateway  
  16  0:36  Probe (Chrono Boost)  
  16  0:43  Probe (Chrono Boost)  
  16  0:45  Assimilator  
  17  0:51  Probe  
  18  1:03  Probe  
  19  1:15  Probe  
  20  1:22  Cybernetics Core  
  20  1:23  Zealot  
  22  1:36  Nexus  
  22  1:43  Pylon  
  22  1:46  Probe  
  23  1:52  Assimilator  
  23  2:01  Probe  
  23  2:02  Stalker (Chrono Boost)  
  26  2:13  Probe  
  26  2:24  Stalker (Chrono Boost)  
  26  2:25  Probe  
  29  2:37  Probe  
  29  2:42  Stargate  
  30  2:47  Shield Battery  
  30  2:49  Probe (Chrono Boost)  
  32  2:53  Warp Gate  
  32  2:55  Probe (Chrono Boost)  
  33  2:59  Probe (Chrono Boost)  
  33  3:03  Probe (Chrono Boost), Shield Battery  
  33  3:04  Probe (Chrono Boost)  
  35  3:14  Probe  
  35  3:15  Probe  
  37  3:24  Pylon, Phoenix (Chrono Boost)  
  37  3:26  Probe  
  38  3:28  Probe  
  39  3:38  Probe  
  39  3:40  Phoenix (Chrono Boost), Probe  
  41  3:45  Assimilator  
  41  3:48  Assimilator  
  43  3:50  Probe  
  43  3:52  Probe  
  43  3:54  Robotics Facility  
  45  4:01  Pylon  
  45  4:02  Probe  
  46  4:04  Probe  
  46  4:07  Phoenix  
  49  4:14  Probe  
  49  4:16  Probe  
  51  4:17  Gateway  
  51  4:26  Probe  
  51  4:27  Pylon  
  51  4:28  Probe  
  53  4:35  Phoenix  
  53  4:38  Immortal (Chrono Boost)  
  55  4:45  Shield Battery  
  61  4:51  Robotics Bay  
  61  4:52  Zealot  
  61  4:53  Probe  
  62  5:00  Shield Battery  
  62  5:07  Immortal (Chrono Boost)  
  65  5:15  Zealot, Sentry  
  65  5:16  Pylon  
  69  5:22  Probe  
  70  5:29  Pylon  
  70  5:34  Phoenix  
  70  5:35  Colossus (Chrono Boost)  
  78  5:44  Pylon  
  78  5:47  Pylon  
  78  5:48  Zealot, Sentry  
  78  5:49  Probe  
  83  5:58  Probe  
  83  5:59  Phoenix  
  86  6:10  Gateway  
  84  6:11  Colossus (Chrono Boost)  
  84  6:13  Zealot  
  92  6:26  Extended Thermal Lance  
  92  6:36  Zealot x2  
  92  6:37  Phoenix  
  96  6:44  Pylon  
  96  6:57  Twilight Council  
  96  6:58  Gateway  
  96  7:01  Colossus (Chrono Boost)  
  96  7:05  Zealot x3  
  106  7:12  Pylon  
  106  7:16  Pylon  
  106  7:19  Gateway  
  106  7:27  Charge (Chrono Boost)  
  106  7:33  Shield Battery  
  106  7:34  Nexus  
  106  7:35  Sentry  
  108  7:47  Zealot x2  
  108  7:50  Templar Archives  
  104  8:10  Phoenix  
  110  8:13  Zealot x4  
  110  8:17  Pylon  
  118  8:22  Pylon  
  118  8:24  Warp Prism  
  114  8:29  Gateway  
  114  8:45  Probe x2, Gateway  
  114  8:46  Gateway  
  116  8:50  High Templar x4  
  116  8:55  Archon x2  
  124  8:59  Zealot  
  124  9:01  Probe  
  124  9:02  Probe  
  128  9:07  Probe  
  125  9:12  Observer  
  125  9:16  Probe x2  
  128  9:18  Pylon  
  128  9:19  Probe  
  128  9:20  Forge  
  127  9:24  Zealot x3  
  127  9:25  Zealot  
  135  9:34  High Templar x2  
  137  9:38  Archon  
  137  9:41  Zealot x2  
  135  9:56  Zealot x4  
  133  10:03  Zealot x2  
Tags
 
Add a new tag
Caveats
  • Supply blocks, unpowered buildings, or Contaminate may cause inaccurate times.
  • Supply counts are checked every 10 seconds.